 Dungeon Crawl Stone Soup version 0.13-a0-2450-ga447c6a (webtiles) character file.

5441 Rycklaryybbe the Cleaver (level 10, 0/69 HPs)
             Began as a Black Draconian Necromancer on July 17, 2013.
             Was a Believer of Makhleb.
             Succumbed to a killer bee's poison
             ... on Level 8 of the Dungeon.
             The game lasted 01:10:09 (11097 turns).

Rycklaryybbe the Cleaver (DrNe)                    Turns: 11097, Time: 01:10:09

HP   0/69        AC 12     Str 10      XL: 10   Next: 29%
MP  19/20        EV 12     Int 20      God: Makhleb [**....]
Gold 433         SH  0     Dex 10      Spells:  6 memorised,  2 levels left

Res.Fire  : . . .   See Invis. : +   F - +0 orc battleaxe
Res.Cold  : . . .   Warding    : .   (armour unavailable)
Life Prot.: . . .   Conserve   : .   (no shield)
Res.Poison: .       Res.Corr.  : +   (helmet restricted)
Res.Elec. : +       Clarity    : .   (no cloak)
Sust.Abil.: . .     Spirit.Shd : .   (no gloves)
Res.Mut.  : .       Stasis     : .   J - +1 pair of orc boots
Res.Rott. : .       Flight     : .   t - amulet of resist corrosion
Saprovore : . . .                    A - ring of see invisible
                                     o - +3 ring of protection

@: mildly poisoned, drained, somewhat resistant to hostile enchantments,
unstealthy
A: breathe lightning, unfitting armour, beak, electricity resistance, wild magic
1, AC +7, Dex -1
a: Breathe Lightning, Minor Destruction, Renounce Religion


You were on level 8 of the Dungeon.
You worshipped Makhleb.
Makhleb was most pleased with you.
You were near starving.

You visited 2 branches of the dungeon, and saw 10 of its levels.

You collected 413 gold pieces.

Inventory:

Hand weapons
 d - a +2,+1 orcish mace of draining
 g - a +3,+2 long sword
 h - a +2,+5 orcish mace
 p - a -1,+1 orcish morningstar
 x - a cursed +1,-1 elven sabre
 z - a +1,+2 orcish dagger of venom
 F - a +0,+0 orcish battleaxe (weapon)
 I - a +0,+2 dagger of speed
 N - a +0,+2 orcish vampiric war axe
Missiles
 l - a throwing net (quivered)
 E - 32 poisoned needles
Armour
 f - a +0 pair of boots
 J - a +1 pair of orcish boots (worn)
Magical devices
 e - a wand of paralysis (18) {unknown}
 i - a wand of magic darts (2)
 k - a wand of fire (6)
 q - a wand of random effects (9)
 L - a wand of draining (9) {unknown}
Comestibles
 c - 5 bread rations
 j - an apple
Scrolls
 n - a scroll of noise
 r - 3 scrolls of identify
 T - a scroll of amnesia
Jewellery
 o - a +3 ring of protection (left hand)
 s - an uncursed ring of invisibility
 t - an amulet of resist corrosion (around neck)
 A - a ring of see invisible (right hand)
 H - an uncursed ring of sustenance
Potions
 a - a potion of invisibility
 v - a potion of restore abilities
 O - 2 potions of speed
Books
 b - a book of Necromancy

   Spells                             Type                      Level
   *Pain                              Necromancy                   1
   *Animate Skeleton                  Necromancy                   1
   *Lethal Infusion                   Charms/Necromancy            2
   *Vampiric Draining                 Necromancy                   3
   *Regeneration                      Charms/Necromancy            3
   *Animate Dead                      Necromancy                   4
   Control Undead                     Necromancy                   4
 u - a book of Wizardry

   Spells                             Type                      Level
   Summon Elemental                   Summoning                    4
   Agony                              Necromancy                   5
   Force Lance                        Conjuration                  5
   Fireball                           Conjuration/Fire             5
   Haste                              Charms                       6
   Invisibility                       Hexes                        6
 y - a book of Unlife

   Spells                             Type                      Level
   Recall                             Summoning/Translocation      3
   *Animate Dead                      Necromancy                   4
   Control Undead                     Necromancy                   4
   Twisted Resurrection               Necromancy                   5
   Death Channel                      Necromancy                   6
   Simulacrum                         Ice/Necromancy               6
 B - a book of Alchemy

   Spells                             Type                      Level
   *Lethal Infusion                   Charms/Necromancy            2
   Sublimation of Blood               Necromancy                   2
   Condensation Shield                Ice                          4
   Alistair's Intoxication            Transmutation/Poison         4
   Petrify                            Transmutation/Earth          4
   Ignite Poison                      Fire/Transmutation           5
 D - a book of Changes

   Spells                             Type                      Level
   Beastly Appendage                  Transmutation                1
   Sticks to Snakes                   Transmutation                2
   Spider Form                        Transmutation/Poison         3
   Ice Form                           Ice/Transmutation            4
   Blade Hands                        Transmutation                5
Miscellaneous
 w - a phial of floods


   Skills:
 - Level 11.5(11.4) Axes
 - Level 5.8(5.7) Maces & Flails
 + Level 3.4(3.3) Dodging
 - Level 1.7(1.6) Stealth
 - Level 3.9(3.8) Spellcasting
 - Level 8.0(7.9) Necromancy


You had 2 spell levels left.
You knew the following spells:

 Your Spells              Type           Power        Failure   Level  Hunger
a - Pain                  Necr           ####         2%          1    None
b - Animate Skeleton      Necr           N/A          2%          1    None
c - Vampiric Draining     Necr           ######....   4%          3    ###....
d - Animate Dead          Necr           N/A          13%         4    ####...
e - Lethal Infusion       Chrm/Necr      ####......   11%         2    #......
f - Regeneration          Chrm/Necr      ####......   19%         3    ###....


Dungeon Overview and Level Annotations

Branches:
Dungeon (9/27)             Temple (1/1) D:7
    Orc: D:6-11        Lair: D:8-13

Altars:
Ashenzari
Cheibriados
Kikubaaqudgha
Makhleb
Nemelex Xobeh
Okawaru
Vehumet
Yredelemnul
the Shining One

Shops:
D:5: (


Innate Abilities, Weirdness & Mutations

You can breathe wild blasts of lightning.
Your glossy black scales are hard (AC +7).
Your body does not fit into most forms of armour.
Your cold-blooded metabolism reacts poorly to cold.
You are resistant to electric shocks.
You have a beak for a mouth.
You are clumsy (Dex -1).
Your spells are a little harder to cast, but a little more powerful.


Message History

* * * LOW HITPOINT WARNING * * *
You feel sick.
Wield which item (- for none, * to show all)? (? for menu, Esc to quit)
F - a +0,+0 orcish battleaxe (weapon)
* * * LOW HITPOINT WARNING * * *
You feel sick.
You swap places.
* * * LOW HITPOINT WARNING * * *
You feel sick.
You swap places.
* * * LOW HITPOINT WARNING * * *
You feel sick.
* * * LOW HITPOINT WARNING * * *
You feel sick.
* * * LOW HITPOINT WARNING * * *
You feel sick.
You feel a little better.
Drink which item? (? for menu, Esc to quit)
You have got your breath back.
You die...

...............................#
...............................#
..........≈≈≈..................#
z>........≈≈≈..................#
>.........≈≈≈..................#
.....).........................#
)....)..............)....).....#
.).............................#
)%......≈≈≈...zz@..............#
........≈≈≈....................#
........≈≈≈[...................#
.........[.....................#
..≈≈≈.........................##
..≈≈≈........................##
..≈≈≈.......................##
.............!.............##
..........................##


You could see a friendly kobold zombie and a friendly orc zombie.

Vanquished Creatures
  The ghost of Kae the Conjurer, an experienced TeFE of Vehumet (D:9)
  A hill giant (D:7)
  Grinder (D:3)
  Eustachio (D:4)
  4 giant goldfish
  2 orc warriors
  A sky beast (D:9)
  Edmund (D:4)
  An ice beast (D:7)
  6 ogres
  4 centaurs
  A water moccasin (D:7)
  4 giant frogs
  A spectral elf (D:9)
  4 killer bees
  A hippogriff skeleton (D:8)
  3 electric eels (D:8)
  2 jellyfish (D:8)
  A goliath beetle (D:7)
  3 wights (D:9)
  2 hounds
  5 orc priests
  2 scorpions
  2 crimson imps
  A big fish (D:8)
  An iguana (D:5)
  2 jellies (D:7)
  7 orc wizards
  3 worker ants
  A hound zombie (D:6)
  An ogre skeleton (D:7)
  A worker ant zombie (D:7)
  10 adders
  A worm zombie (D:7)
  4 giant mites
  5 worms
  An iguana skeleton (D:5)
  An adder skeleton (D:8)
  A giant eyeball (D:5)
  5 giant geckos
  39 orcs
  14 bats
  6 giant cockroaches
  14 goblins
  18 hobgoblins
  11 jackals
  2 oozes
  2 ball pythons
  6 giant newts
  A goblin skeleton (D:4)
  13 kobolds
  4 quokkas
  11 rats
240 creatures vanquished.

Vanquished Creatures (collateral kills)
  A killer bee (D:9)
  An electric eel (D:8)
  An orc priest (D:8)
  A hound (D:8)
  An orc wizard (D:8)
  4 worker ants
  A jellyfish (D:8)
  A big kobold skeleton (D:7)
  An adder (D:8)
  A white imp (D:4)
  A worm (D:4)
  2 orcs (D:4)
  A giant cockroach (D:7)
  A hobgoblin (D:2)
  A bat (D:2)
  2 giant newts
  A goblin (D:4)
  A goblin skeleton (D:4)
  2 kobolds
  2 rats
27 creatures vanquished.

Vanquished Creatures (others)
  A giant frog zombie (D:8)
  A water moccasin skeleton (D:7)
  An ogre zombie (D:4)
  2 adder skeletons
  An electric eel zombie (D:8)
  3 bat skeletons
  A giant cockroach (D:1)
  A goblin (D:1)
  A hobgoblin (D:4)
  A giant gecko skeleton (D:7)
  2 goblin skeletons (D:1)
  2 hobgoblin skeletons
  2 jackal skeletons
  A kobold skeleton (D:3)
  4 orc skeletons
  2 orc zombies (D:9)
  A quokka zombie (D:8)
  A rat skeleton (D:1)
28 creatures vanquished.

Grand Total: 295 creatures vanquished

Notes
Turn   | Place    | Note
--------------------------------------------------------------
     0 | D:1      | Rycklaryybbe, the Draconian Necromancer, began the quest for the Orb.
     0 | D:1      | Reached XP level 1. HP: 14/14 MP: 3/3
   115 | D:1      | Learned a level 1 spell: Animate Skeleton
   162 | D:1      | Reached XP level 2. HP: 11/20 MP: 4/4
  1630 | D:2      | Reached XP level 3. HP: 16/26 MP: 2/7
  2409 | D:2      | Reached XP level 4. HP: 27/33 MP: 3/9
  3110 | D:2      | Learned a level 3 spell: Vampiric Draining
  3990 | D:3      | Noticed Grinder
  3994 | D:3      | Paralysed by Grinder for 5 turns
  4003 | D:3      | Paralysed by Grinder for 4 turns
  4010 | D:3      | Gained mutation: You have a slow metabolism. [potion of mutation]
  4010 | D:3      | Gained mutation: Your muscles are strong, but stiff (Str +1, Dex -1). [potion of mutation]
  4010 | D:3      | Gained mutation: You are agile (Dex +1). [potion of mutation]
  4015 | D:3      | Paralysed by Grinder for 6 turns
  4033 | D:3      | Lost mutation: Your muscles are strong, but stiff (Str +1, Dex -1). [potion of cure mutation]
  4033 | D:3      | Lost mutation: You have a slow metabolism. [potion of cure mutation]
  4033 | D:3      | Lost mutation: You are agile (Dex +1). [potion of cure mutation]
  4034 | D:3      | Gained mutation: Your spells are a little harder to cast, but a little more powerful. [potion of mutation]
  4034 | D:3      | Gained mutation: You are clumsy (Dex -1). [potion of mutation]
  4034 | D:3      | Gained mutation: You have a beak for a mouth. [potion of mutation]
  4041 | D:3      | Paralysed by Grinder for 2 turns
  4046 | D:3      | Killed Grinder
  4046 | D:3      | Reached skill level 6 in Necromancy
  4046 | D:3      | Reached XP level 5. HP: 35/38 MP: 11/11
  4046 | D:3      | Reached XP level 6. HP: 41/45 MP: 13/13
  4471 | D:4      | Learned a level 4 spell: Animate Dead
  4552 | D:4      | Noticed Eustachio
  4565 | D:4      | Noticed Edmund
  4575 | D:4      | Killed Eustachio
  4575 | D:4      | Reached skill level 7 in Necromancy
  4575 | D:4      | Your scales start taking on a glossy black colour.
  4575 | D:4      | Gained mutation: You are resistant to electric shocks. [draconian maturity]
  4575 | D:4      | Reached XP level 7. HP: 46/50 MP: 1/15
  4622 | D:4      | Killed Edmund
  5045 | D:4      | Reached skill level 8 in Necromancy
  5761 | D:5      | Entered Level 5 of the Dungeon
  6180 | D:5      | Found Sisoduorph's Weapon Emporium.
  6200 | D:5      | Reached XP level 8. HP: 49/57 MP: 1/17
  6469 | D:5      | Learned a level 2 spell: Lethal Infusion
  6473 | D:5      | Learned a level 3 spell: Regeneration
  6602 | D:4      | Reached skill level 5 in Maces & Flails
  6649 | D:5      | Paralysed by a giant eyeball for 2 turns
  7187 | D:6      | Reached skill level 1 in Axes
  7531 | D:6      | Reached skill level 5 in Axes
  8403 | D:7      | Noticed a hill giant
  8514 | D:7      | Killed a hill giant
  8514 | D:7      | Reached XP level 9. HP: 28/62 MP: 5/18
  8573 | D:7      | Found a staircase to the Ecumenical Temple.
  8683 | Temple   | Entered the Ecumenical Temple
  8702 | Temple   | Became a worshipper of Makhleb the Destroyer
  9181 | D:7      | Reached skill level 9 in Axes
  9420 | D:8      | Acquired Makhleb's first power
  9483 | D:8      | Reached skill level 10 in Axes
  9842 | D:8      | Found an iron altar of Okawaru.
 10008 | D:9      | Found a sparkling altar of Nemelex Xobeh.
 10035 | D:9      | Reached XP level 10. HP: 46/69 MP: 3/20
 10091 | D:9      | Noticed Kae's ghost (experienced TeFE)
 10226 | D:8      | Reached skill level 11 in Axes
 10321 | D:9      | Killed Kae's ghost
 10348 | D:9      | Paralysed by a potion of paralysis for 3 turns
 10369 | D:9      | HP: 3/69 [poison (a potion of poison)]
 10785 | D:9      | Found a basalt altar of Yredelemnul.
 10840 | D:9      | Acquired Makhleb's second power
 10852 | D:9      | Found a burning altar of Makhleb.
 11092 | D:8      | HP: 3/69 [poisoned by a killer bee]
 11096 | D:8      | HP: 1/69 [poisoned by a killer bee]
 11097 | D:8      | Succumbed to a killer bee's poison

Action                   |  1- 3 |  4- 6 |  7- 9 | 10-12 || total
-------------------------+-------+-------+-------+-------++-------
Melee: Club              |   102 |       |       |       ||   102
       Unarmed           |     2 |       |       |       ||     2
       Short sword       |    37 |       |       |       ||    37
       Dagger            |       |   130 |    68 |       ||   198
       Mace              |       |       |    53 |       ||    53
       War axe           |       |       |   240 |    45 ||   285
       Morningstar       |       |       |    37 |       ||    37
       Battleaxe         |       |       |    93 |    52 ||   145
       Long sword        |       |       |       |    13 ||    13
Throw: Club              |     7 |       |     5 |       ||    12
       Dart              |     1 |       |     3 |       ||     4
       Throwing net      |       |       |     2 |       ||     2
 Cast: Pain              |    35 |    25 |    66 |     6 ||   132
       Animate Skeleton  |     5 |     6 |    16 |       ||    27
       Vampiric Draining |       |     6 |    34 |     6 ||    46
       Animate Dead      |       |     1 |     3 |     1 ||     5
       Lethal Infusion   |       |       |     7 |       ||     7
       Regeneration      |       |       |     2 |       ||     2
 Abil: Breathe Lightning |       |       |     9 |     3 ||    12
Evoke: Wand              |       |       |     9 |       ||     9
  Use: Potion            |       |    12 |     4 |     6 ||    22
       Scroll            |       |     8 |     8 |     3 ||    19
 Stab: Sleeping          |       |     1 |     4 |       ||     5
       Distracted        |       |       |     3 |       ||     3
       Held in net/web   |       |       |     1 |       ||     1
